 Dungeon Crawl Stone Soup version 0.31.0-32-g396128a36d (webtiles) character file.

Game seed: 11420874905839033823

4333 DemonSlayer the Magician (level 10, -1/68 HPs)
             Began as a Demonspawn Earth Elementalist on Apr 13, 2024.
             Was a Follower of Dithmenos.
             Slain by a boulder beetle (8 damage)
             ... on level 9 of the Dungeon.
             The game lasted 00:23:24 (10568 turns).

DemonSlayer the Magician (DsEE)                    Turns: 10568, Time: 00:23:25

Health: -1/68      AC: 10    Str:  9    XL:     10   Next: 12%
Magic:  0/21       EV: 14    Int: 16    God:    Dithmenos [*.....]
Gold:   1189       SH:  0    Dex: 23    Spells: 4/24 levels left

rFire   . . .        F - +8 Vampire's Tooth {megavamp}
rCold   x . .        (no shield)
rNeg    . . .        a - +0 robe
rPois   .            v - +1 helmet
rElec   .            D - +1 cloak
rCorr   .            t - +0 pair of gloves
SInv    .            i - +0 pair of boots of Sif Muna, Muttering {rC- Regen+ Stlth+}
Will    +....        k - amulet of the acrobat
Stlth   +++++        n - +6 ring of dexterity
HPRegen 1.11/turn    s - ring of willpower
MPRegen 0.17/turn

%: acrobat
@: wreathed by umbra
A: claws 2, thin metallic scales 1
a: Renounce Religion


You were on level 9 of the Dungeon.
You worshipped Dithmenos.
Dithmenos was aware of your devotion.
You visited 2 branches of the dungeon, and saw 10 of its levels.

You collected 2292 gold pieces.
You spent 1103 gold pieces at shops.

Inventory:

Hand Weapons
 F - the +8 Vampire's Tooth (weapon) {megavamp}
   (You bought it in a shop on level 7 of the Dungeon)
Armour
 a - a +0 robe (worn)
 i - the +0 pair of boots of Sif Muna, Muttering (worn) {rC- Regen+ Stlth+}
   (You acquired it on level 4 of the Dungeon)

   rC-:       It makes you vulnerable to cold.
   Regen+:    It increases your rate of health regeneration.
   Stlth+:    It makes you more stealthy.
 t - a +0 pair of gloves (worn)
 v - a +1 helmet (worn)
 D - a +1 cloak (worn)
Jewellery
 d - a ring of positive energy
 h - an amulet of reflection
 k - an amulet of the acrobat (around neck)
 n - a +6 ring of dexterity (left hand)
 s - a ring of willpower (right hand)
 y - a ring of willpower
 A - a ring of resist corrosion
 B - a ring of flight
 G - a ring of positive energy
Wands
 r - a wand of iceblast (16)
 H - a wand of digging (3)
Scrolls
 f - a scroll of fog
 j - 2 scrolls of amnesia
 l - a scroll of enchant armour
 o - 6 scrolls of teleportation
 p - a scroll of identify
 w - 4 scrolls of vulnerability
 x - 2 scrolls of poison
 z - a scroll of enchant weapon
 C - 2 scrolls of revelation
 E - a scroll of butterflies
Potions
 b - 4 potions of haste
 e - 2 potions of enlightenment
 g - 4 potions of heal wounds
 m - 2 potions of ambrosia
 q - a potion of curing
 u - 2 potions of attraction
 J - a potion of brilliance {unknown}
Miscellaneous
 I - a tin of tremorstones (2/2)


   Skills:
 + Level 2.7 Fighting
 + Level 3.0 Short Blades
 + Level 3.8 Dodging
 + Level 4.5 Stealth
 + Level 7.9 Spellcasting
 + Level 5.6 Conjurations
 + Level 7.7 Earth Magic


You had 4 spell levels left.
You knew the following spells:

 Your Spells              Type           Power      Damage    Failure   Level
a - Sandblast             Erth           62%        2d14      1%          1
b - Stone Arrow           Conj/Erth      54%        3d10      2%          3
c - Petrify               Alch/Erth      18%        N/A       22%         4
d - Lehudib's Crystal Sp  Conj/Erth      13%        10d5      100%        8
e - Brom's Barrelling Bo  Conj/Erth      27%        2d5       7%          4

Your spell library contained the following spells:

 Spells                   Type           Power      Damage    Failure   Level
 Passwall                 Erth           31%        N/A       1%          3
 Dazzling Flash           Conj/Hex       30%        N/A       11%         3
 Mephitic Cloud           Conj/Alch/Air  12%        N/A       16%         3
 Ensorcelled Hibernation  Hex/Ice        12%        N/A       17%         2
 Animate Armour           Summ/Erth      36%        N/A       22%         4
 Fugue of the Fallen      Necr           6%         N/A       34%         3
 Ozocubu's Armour         Ice            6%         N/A       34%         3
 Tukima's Dance           Hex            6%         N/A       34%         3
 Anguish                  Hex/Necr       3%         N/A       75%         4
 Passage of Golubria      Tloc           6%         N/A       75%         4
 Curse of Agony           Necr           6%         N/A       97%         5
 Metabolic Englaciation   Hex/Ice        3%         N/A       97%         5
 Silence                  Hex/Air        3%         N/A       97%         5
 Yara's Violent Unravell  Hex/Alch       3%         3d4       97%         5
 Sculpt Simulacrum        Ice/Alch       3%         N/A       100%        6


Dungeon Overview and Level Annotations

Branches:
Dungeon (9/15)             Temple (1/1) D:6
   Lair: D:8-11         Orc: D:9-12

Altars:
Ashenzari
Cheibriados
Dithmenos
Fedhas
Gozag
Hepliaklqana
Kikubaaqudgha
Makhleb
Nemelex Xobeh
Okawaru
Qazlal
Ru
Sif Muna
Trog
Uskayaw
Vehumet
Wu Jian
Yredelemnul

Shops:
D:4 ?   D:7 [*(


Innate Abilities, Weirdness & Mutations

You have very sharp fingernails.
You are partially covered in thin metallic scales. (AC +2)


Message History

The boulder beetle is severely wounded.
The boulder beetle bites you!
You hit the boulder beetle but do no damage.
You barely miss the boulder beetle.
The boulder beetle is severely wounded.
The boulder beetle bites you!
Your magical contamination has completely faded away.
You hit the boulder beetle but do no damage.
You hit the boulder beetle.
The boulder beetle is severely wounded.
The boulder beetle closely misses you.
You hit the boulder beetle but do no damage.
You hit the boulder beetle.
You feel better.
The boulder beetle is severely wounded.
The boulder beetle bites you.
You hit the boulder beetle but do no damage.
You hit the boulder beetle.
You feel better.
The boulder beetle is severely wounded.
The boulder beetle misses you.
You hit the boulder beetle but do no damage. x2
The boulder beetle is severely wounded.
The boulder beetle bites you!
You hit the boulder beetle but do no damage. x2
The boulder beetle is severely wounded.
The boulder beetle leaps!
A boulder beetle is nearby!
A boulder beetle is nearby!
A boulder beetle is nearby!
The boulder beetle curls into a ball and begins rolling!
The stone arrow hits the boulder beetle but does no damage.
The boulder beetle is severely wounded.
The boulder beetle hits you!!
Ouch! That really hurt!
* * * LOW HITPOINT WARNING * * *
The boulder beetle stops rolling and uncurls.
You hit the boulder beetle.
You hit the boulder beetle but do no damage.
The boulder beetle is severely wounded.
The boulder beetle bites you!
You die...

####### #.....# ...
#..○#°# ..# #...#B#
..# #...#@# ..#
#.†(#.#######..#####
#...#...............
#..
#.!.#...............
#...
#.B.#.......>...#
##...
#...#...........#
.....####
#...#....))..)..####
.........
.......)...........
......#
#######............


You could see a boulder beetle.

Vanquished Creatures
  A two-headed ogre (D:9)
  Sigmund (D:7)
  Edmund (D:7)
  A water moccasin (D:5)
  3 sky beasts
  An ice beast (D:7)
  4 ogres
  A centaur (D:8)
  2 phantoms
  2 kobold brigands (D:9)
  A bullfrog (D:4)
  2 scorpions
  3 wights (D:6)
  19 killer bees
  4 howler monkeys
  2 electric eels
  A bombardier beetle (D:6)
  6 hounds
  3 jellies
  4 orc priests
  Crazy Yiuf (D:3)
  5 orc wizards
  A sleepcap (D:6)
  3 gnolls
  9 adders
  2 ribbon worms (D:2)
  3 dart slugs
  22 orcs
  4 bats
  10 endoplasms
  3 giant cockroaches (D:2)
  5 goblins
  9 hobgoblins
  9 jackals
  7 quokkas
  13 ball pythons
  3 frilled lizards
  19 kobolds
  9 rats
199 creatures vanquished.

Vanquished Creatures (others)
  An orc wizard (D:3)
1 creature vanquished.

Grand Total: 200 creatures vanquished

Notes
Turn   | Place    | Note
-------+----------+-------------------------------------------
     0 | D:1      | DemonSlayer the Demonspawn Earth Elementalist began the
                  | quest for the Orb.
     0 | D:1      | Reached XP level 1. HP: 13/13 MP: 3/3
     2 | D:1      | Noticed a merfolk
     2 | D:1      | Noticed a formicid
     4 | D:1      | Noticed a felid
     4 | D:1      | Noticed an elf
     6 | D:1      | Noticed a djinni
     8 | D:1      | Noticed a demonspawn
     8 | D:1      | Noticed a ghoul
    10 | D:1      | Noticed a demigod
    10 | D:1      | Noticed a spriggan
    12 | D:1      | Noticed a human
    14 | D:1      | Noticed a vine stalker
    14 | D:1      | Noticed an armataur
    16 | D:1      | Noticed a gargoyle
    16 | D:1      | Noticed a draconian
    18 | D:1      | Noticed a vampire
    18 | D:1      | Noticed an octopode
    20 | D:1      | Noticed a troll
    22 | D:1      | Noticed a minotaur
    22 | D:1      | Noticed a naga
    24 | D:1      | Noticed a barachi
    24 | D:1      | Noticed an oni
    26 | D:1      | Noticed a tengu
   164 | D:1      | Gained mutation: You are partially covered in thin metallic
                  | scales. (AC +2) [demonic ancestry]
   164 | D:1      | Reached XP level 2. HP: 15/19 MP: 1/5
   618 | D:1      | Reached XP level 3. HP: 23/24 MP: 5/7
  1780 | D:2      | Gained mutation: You have sharp fingernails. [demonic
                  | ancestry]
  1780 | D:2      | Reached XP level 4. HP: 29/30 MP: 4/8
  1827 | D:2      | Learned a level 3 spell: Stone Arrow
  1832 | D:2      | Learned a level 4 spell: Petrify
  1891 | D:2      | Found a faded altar of an unknown god.
  2265 | D:3      | Found a runed translucent door.
  2266 | D:3      | Noticed Crazy Yiuf
  2371 | D:3      | Reached XP level 5. HP: 30/35 MP: 2/10
  2702 | D:3      | Identified the +4 hand axe of Pain and Death {elec, rPois
                  | rN+ Int-4 SInv}
  2739 | D:3      | Found a snail-covered altar of Cheibriados.
  3497 | D:4      | Found Qidi's Magic Scroll Emporium.
  3513 | D:4      | Bought a scroll of fear for 44 gold pieces
  3513 | D:4      | Bought a scroll of identify for 22 gold pieces
  3513 | D:4      | Bought a scroll of teleportation for 33 gold pieces
  3513 | D:4      | Bought a scroll of identify for 22 gold pieces
  3513 | D:4      | Bought a scroll of identify for 22 gold pieces
  3514 | D:4      | Identified a scroll of acquirement
  3517 | D:4      | Acquired the +0 pair of boots of Sif Muna, Muttering {rC-
                  | Regen+ Stlth+}
  3542 | D:4      | Reached XP level 6. HP: 41/41 MP: 9/12
  4236 | D:4      | Reached skill level 5 in Earth Magic
  4671 | D:5      | Entered Level 5 of the Dungeon
  4673 | D:5      | Reached XP level 7. HP: 46/46 MP: 14/14
  4749 | D:5      | Reached skill level 5 in Spellcasting
  5293 | D:5      | Reached skill level 1 in Short Blades
  5488 | D:5      | Reached skill level 1 in Fighting
  5805 | D:5      | Reached XP level 8. HP: 54/54 MP: 12/16
  5963 | D:5      | Acquired 1028 gold pieces
  5974 | D:5      | Learned a level 8 spell: Lehudib's Crystal Spear
  6262 | D:6      | Found an opulent altar of Gozag.
  6288 | D:6      | Found a sacrificial altar of Ru.
  6455 | D:6      | Found a staircase to the Ecumenical Temple.
  7003 | D:6      | Found a shimmering blue altar of Sif Muna.
  7037 | Temple   | Entered the Ecumenical Temple
  7050 | Temple   | Became a worshipper of Dithmenos the Shadowed
  7367 | D:7      | Noticed Edmund
  7372 | D:7      | Killed Edmund
  7424 | D:7      | Noticed Sigmund
  7426 | D:7      | Killed Sigmund
  7427 | D:7      | Reached XP level 9. HP: 54/61 MP: 11/18
  7674 | D:3      | Killed Crazy Yiuf
  8160 | D:7      | Found Xogg's Armour Shoppe.
  8161 | D:7      | Found Apeape's Weapon Shop.
  8162 | D:7      | Found Ocsepat's Assorted Antiques.
  8167 | D:7      | Bought the +8 Vampire's Tooth {megavamp} for 840 gold
                  | pieces
  8167 | D:7      | Found the +8 Vampire's Tooth {megavamp}
  8173 | D:7      | Bought a large filigree amulet for 120 gold pieces
  8173 | D:7      | Acquired 755 gold pieces
  8441 | D:7      | Learned a level 4 spell: Brom's Barrelling Boulder
  9860 | D:8      | Reached skill level 5 in Conjurations
 10120 | D:9      | Found a hide-covered altar of Uskayaw.
 10133 | D:9      | Reached * piety under Dithmenos
 10200 | D:9      | Found an ancient bone altar of Kikubaaqudgha.
 10208 | D:9      | Noticed a two-headed ogre
 10275 | D:9      | Killed a two-headed ogre
 10276 | D:9      | Gained mutation: You have very sharp fingernails. [demonic
                  | ancestry]
 10276 | D:9      | Reached XP level 10. HP: 68/68 MP: 1/21
 10411 | D:9      | Noticed a boulder beetle
 10568 | D:9      | Slain by a boulder beetle

Illustrated notes

Levels and vault maps discovered:
D:1:      kb_arrival_jail, layout_loops_ring, minmay_pentomino_z4
D:2:      layout_basic, shapermc_ecumenical_altar_totnotflames,
          minmay_splitting_lines, minmay_cut_off
D:3:      layout_loops_ring, kennysheep_slug_shrine, minmay_misc_feat_columns,
          nicolae_half_adder, uniq_crazy_yiuf_cottage
D:4:      layout_loops_ring, serial_shops, nicolae_stop_n_shop_2,
          minmay_misc_feat_rugged
D:5:      layout_gridville
D:6:      layout_basic, mainiacjoe_overflow_swirl, lemuel_crystal_altar,
          minmay_temple_entry_junction
D:7:      layout_loops_cross, nicolae_wooded_promenade, minivault_4,
          sigmund_edmund_badplayer
D:8:      hellmonk_ruined_rings, layout_loops_cross, fountainhead,
          hangedman_decor_points
D:9:      hangedman_cross_veins, layout_long_grid, grunt_temple_overflow_open,
          nrook_uturn, nzn_sisyphean_effort, uniq_psyche
Temple:   dpeg_chambers_temple

Skill      XL: |  1  2  3  4  5  6  7  8  9 |
---------------+----------------------------+-----
Earth Magic    | 3 4 5 6 7 |  7.7
Stealth        | 2 3 4 |  4.5
Spellcasting   | 3 4 5 6 7 |  7.9
Dodging        | 2 3 |  3.8
Short Blades   | 1 3 |  3.0
Fighting       | 1 2 |  2.7
Conjurations   | 2 3 5 |  5.6

Action                     |  1- 3 |  4- 6 |  7- 9 | 10-12 || total
---------------------------+-------+-------+-------+-------++-------
  Melee: Unarmed           |     8 |       |       |       ||     8
         Dagger            |    15 |    25 |    11 |       ||    51
         Punch             |       |     1 |     1 |       ||     2
         Quick blade       |       |       |    69 |    22 ||    91
  Throw: Throwing net      |       |       |       |     1 ||     1
   Cast: Sandblast         |    69 |   115 |     3 |       ||   187
         Stone Arrow       |       |       |   117 |    13 ||   130
         Petrify           |       |       |       |     1 ||     1
    Use: Potion            |     1 |     2 |     3 |       ||     6
         Scroll            |       |    16 |     9 |       ||    25
   Stab: Sleeping          |       |     5 |     5 |       ||    10
 Armour: Robe              |    24 |    53 |    83 |    11 ||   171
  Dodge: Dodged            |    53 |    59 |   103 |    12 ||   227
